 Dungeon Crawl Stone Soup version 0.18.1-48-g4cf74bf (webtiles) character file.

1045 Alarkh the Spear-Bearer (level 8, -2/56 HPs)
             Began as a Mummy Skald on July 27, 2016.
             Was a Believer of Okawaru.
             Slain by Duvessa
             ... wielding a +0 rapier
              (7 damage)
             ... on level 5 of the Dungeon.
             The game lasted 00:09:00 (4932 turns).

Alarkh the Spear-Bearer (Mummy Skald)               Turns: 4932, Time: 00:09:00

Health: -2/56      AC:  8    Str: 15    XL:     8   Next: 4%
Magic:  0/11       EV: 11    Int: 14    God:    Okawaru [**....]
Gold:   164        SH:  0    Dex: 11    Spells: 3 memorised, 5 levels left

rFire  . . .     SeeInvis .     b - +0 halberd
rCold  + . .     Gourm    .     q - +2 robe {rF+}
rNeg   + + +     Faith    .     (shield currently unavailable)
rPois  ∞         Spirit   +     (no helmet)
rElec  .         Dismiss  .     t - +2 cloak {rPois}
rCorr  .         Reflect  .     (no gloves)
SustAt .         Harm     .     e - +0 pair of boots
MR     +....                    f - amulet of guardian spirit
Stlth  +.........               (no ring)
                                (no ring)

@: somewhat resistant to hostile enchantments, very unstealthy
A: no food or potions, fire vulnerability, cold resistance 1, negative energy
resistance 3, torment resistance, unbreathing
a: Heroism, Renounce Religion


You were on level 5 of the Dungeon.
You worshipped Okawaru.
Okawaru was pleased with you.
You were not hungry.

You visited 1 branch of the dungeon, and saw 5 of its levels.

You collected 308 gold pieces.
You spent 144 gold pieces at shops.

Inventory:

Hand Weapons
 a - a +0 trident
 b - a +0 halberd (weapon)
 o - a +0 spear
Armour
 e - a +0 pair of boots (worn)
 k - a +1 ring mail of cold resistance
 l - a +0 leather armour
 m - a +3 ring mail
 q - a +2 robe of fire resistance (worn)
 t - a +2 cloak of poison resistance (worn)
Jewellery
 f - an amulet of guardian spirit (around neck)
Wands
 n - a wand of paralysis (11/24)
 p - a wand of heal wounds (2/9)
Scrolls
 d - 3 scrolls of remove curse
 g - 3 scrolls of magic mapping
 h - 2 scrolls of noise
 i - 2 scrolls of enchant weapon
 j - a scroll of immolation
 r - a scroll of teleportation {unknown}
 s - a scroll of random uselessness {unknown}
 w - a scroll of holy word {unknown}
Books
 c - a book of Battle

   Spells                             Type                      Level
   a - Infusion                       Charms                       1
   b - Shroud of Golubria             Charms/Translocation         2
   c - Song of Slaying                Charms                       2
   d - Spectral Weapon                Hexes/Charms                 3
   e - Regeneration                   Charms/Necromancy            3
 u - a book of Cantrips

   Spells                             Type                      Level
   a - Corona                         Hexes                        1
   b - Animate Skeleton               Necromancy                   1
   c - Summon Small Mammal            Summoning                    1
   d - Apportation                    Translocation                1
 v - a book of Death

   Spells                             Type                      Level
   a - Corpse Rot                     Necromancy                   2
   b - Sublimation of Blood           Necromancy                   2
   c - Agony                          Necromancy                   5
   d - Dispel Undead                  Necromancy                   5
   e - Excruciating Wounds            Charms/Necromancy            5
   f - Bolt of Draining               Conjuration/Necromancy       5


   Skills:
 - Level 2.0 Fighting
 + Level 8.0 Polearms
 - Level 0.7 Armour
 - Level 0.7 Dodging
 - Level 2.0 Spellcasting
 - Level 2.4 Charms


You had 5 spell levels left.
You knew the following spells:

 Your Spells              Type           Power        Failure   Level  Hunger
a - Infusion              Chrm           #...         12%         1    N/A
b - Shroud of Golubria    Chrm/Tloc      #.........   24%         2    N/A
c - Spectral Weapon       Hex/Chrm       #.......     47%         3    N/A

Dungeon Overview and Level Annotations

Branches:
Dungeon (5/15)
 Temple: D:4-7

Altars:
Cheibriados
Fedhas
Kikubaaqudgha
Makhleb
Okawaru
Xom

Shops:
D:4 [

Annotations:
D:5 Duvessa


Innate Abilities, Weirdness & Mutations

You do not eat or drink.
Your flesh is vulnerable to fire.
You are immune to poison.
Your flesh is cold resistant.
You are immune to negative energy.
You are immune to unholy pain and torment.
You can survive without breathing.


Message History

You barely miss Duvessa.
Duvessa is heavily wounded.
Duvessa hits you with a rapier!
You hit Duvessa but do no damage.
Duvessa is heavily wounded.
Duvessa hits you with a rapier!
* * * LOW HITPOINT WARNING * * *
You closely miss Duvessa.
Duvessa is heavily wounded.
You feel like a meek peon again. Duvessa hits you with a rapier!
* * * LOW HITPOINT WARNING * * *
Duvessa closely misses you.
You hit Duvessa.
Duvessa is heavily wounded.
Duvessa barely misses you.
You barely miss Duvessa.
Duvessa is heavily wounded.
Duvessa barely misses you. Duvessa hits you with a rapier!
You die...

##.####.....#.##.#
..._.#####.##.##.#
.....# #.......#
.....# ####.####
.<...# ######.####
.....##......e...#
#######.###.#.##.#
#.#.##)# . ..##@#
#..#.##e#
#..#.##S# ..
.....# .#e ## ###


You could see Duvessa (berserk) and an adder.

Vanquished Creatures
  An ice beast (D:5)
  3 ogres (D:4)
  A centaur (D:5)
  Dowan (D:5)
  A crimson imp (D:5)
  A hound (D:2)
  An orc priest (D:3)
  A centaur skeleton (D:5)
  An orc wizard (D:4)
  Jessica (D:3)
  An iguana (D:5)
  4 worker ants
  4 gnolls (D:3)
  7 adders
  An adder skeleton (D:4)
  3 worms
  3 dart slugs
  2 giant geckos
  16 orcs
  8 bats
  6 giant cockroaches
  6 goblins
  2 hobgoblins
  3 jackals (D:4)
  2 kobolds (D:1)
  4 quokkas
  A ball python (D:4)
  5 giant newts
  7 rats
97 creatures vanquished.

Vanquished Creatures (others)
  A sky beast (D:5)
1 creature vanquished.

Grand Total: 98 creatures vanquished

Notes
Turn   | Place    | Note
--------------------------------------------------------------
     0 | D:1      | Alarkh the Mummy Skald began the quest for the Orb.
     0 | D:1      | Reached XP level 1. HP: 16/16 MP: 3/3
    13 | D:1      | Found an iron altar of Okawaru.
    17 | D:1      | Became a worshipper of Warmaster Okawaru
    65 | D:1      | Reached skill level 2 in Polearms
   180 | D:1      | Reached XP level 2. HP: 22/22 MP: 3/5
   746 | D:2      | HP: 1/22 [worm (7)]
  1101 | D:2      | Found a burning altar of Makhleb.
  1109 | D:2      | Reached skill level 3 in Polearms
  1109 | D:2      | Reached XP level 3. HP: 22/27 MP: 0/6
  1271 | D:2      | Reached XP level 4. HP: 26/33 MP: 4/7
  1292 | D:2      | Found a snail-covered altar of Cheibriados.
  1360 | D:2      | Found a shimmering altar of Xom.
  1713 | D:3      | Found a blossoming altar of Fedhas.
  1981 | D:3      | Learned a level 2 spell: Shroud of Golubria
  1994 | D:3      | Reached skill level 4 in Polearms
  2298 | D:3      | Noticed Jessica
  2303 | D:3      | Killed Jessica
  2303 | D:3      | Reached XP level 5. HP: 38/38 MP: 5/8
  2322 | D:3      | Learned a level 3 spell: Spectral Weapon
  2691 | D:4      | Noticed an ogre
  2699 | D:4      | Killed an ogre
  2699 | D:4      | Reached skill level 5 in Polearms
  2699 | D:4      | Reached XP level 6. HP: 25/44 MP: 1/9
  3432 | D:4      | Reached * piety under Okawaru
  3625 | D:4      | Reached skill level 6 in Polearms
  3806 | D:4      | Reached XP level 7. HP: 24/50 MP: 1/10
  4136 | D:4      | Found Yletupp's Antique Armour Boutique.
  4139 | D:4      | Bought a glowing cloak for 144 gold pieces
  4358 | D:5      | Entered Level 5 of the Dungeon
  4413 | D:5      | Reached skill level 7 in Polearms
  4496 | D:5      | Reached ** piety under Okawaru
  4866 | D:5      | Reached XP level 8. HP: 36/56 MP: 6/11
  4873 | D:5      | Found an ancient bone altar of Kikubaaqudgha.
  4897 | D:5      | Noticed Duvessa
  4897 | D:5      | Noticed Dowan
  4911 | D:5      | Killed Dowan
  4911 | D:5      | Reached skill level 8 in Polearms
  4932 | D:5      | Slain by Duvessa

Skill      XL: |  1  2  3  4  5  6  7  8 |
---------------+-------------------------+-----
Polearms       | 2 3 4 5 6 7 8 |  8.0
Fighting       | |  2.0
Armour         | |  0.7
Dodging        | |  0.7
Spellcasting   | |  2.0
Charms         | |  2.4

Action                   |  1- 3 |  4- 6 |  7- 9 || total
-------------------------+-------+-------+-------++-------
Melee: Spear             |    87 |    89 |       ||   176
       Halberd           |       |    78 |    12 ||    90
       Trident           |       |   120 |   121 ||   241
 Cast: Infusion          |    16 |    34 |     9 ||    59
       Shroud of Golubri |       |     5 |     5 ||    10
Invok: Heroism           |       |       |     2 ||     2
  Use: Scroll            |     2 |     6 |     1 ||     9
 Stab: Sleeping          |     1 |     1 |       ||     2
Armor: Leather armour    |    13 |    22 |       ||    35
       Ring mail         |       |    61 |       ||    61
       Robe              |       |    14 |    30 ||    44
Dodge: Dodged            |    37 |   146 |    53 ||   236
